2336 views
Uploaded 2021-08-30 15:56:28
Game version 1.32.10
39:56 long 1on1 ladder game on (2)BrightwaterOasis
Saved by xzz
2336 views
Uploaded 2021-08-30 15:56:28
Game version 1.32.10
39:56 long 1on1 ladder game on (2)BrightwaterOasis

24 units @ 2.9k
/ 0.4k
27 buildings @ 5.5k
/ 2.4k


| Potion of Lesser Invulnerability | 1 | 150 |
| total: | 1 | 150g |
| Peon | 8 | 600 | / | 0 |
| Troll Headhunter | 14 | 1960 | / | 280 |
| Raider | 2 | 360 | / | 80 |
| total: | 24 | 2920g | / | 360w |
| Watch Tower | 5 | 550 | / | 400 |
| Altar of Storms | 1 | 180 | / | 50 |
| Orc Burrow | 10 | 1600 | / | 400 |
| War Mill | 1 | 205 | / | 0 |
| Barracks | 1 | 180 | / | 50 |
| Great Hall | 6 | 2310 | / | 1110 |
| Beastiary | 2 | 290 | / | 280 |
| Spirit Lodge | 1 | 150 | / | 150 |
| Stronghold | 1 | 315 | / | 190 |
| Fortress | 1 | 325 | / | 190 |
| total: | 27 | 5465g | / | 2440w |
| 0:01 | Peon |
| 0:02 | Peon |
| 0:05 | Altar of Storms |
| 0:08 | Orc Burrow |
| 0:26 | Peon |
| 0:27 | Peon |
| 0:36 | Peon |
| 0:51 | Peon |
| 1:04 | Peon |
| 1:14 | War Mill |
| 1:33 | Peon |
| 1:52 | Stronghold |
| 2:06 | Mirror Image |
| 2:11 | Barracks |
| 2:27 | Orc Burrow |
| 2:56 | Orc Burrow |
| 3:06 | Orc Burrow |
| 3:18 | Orc Burrow |
| 3:20 | Troll Headhunter |
| 3:23 | Troll Headhunter |
| 3:36 | Orc Burrow |
| 3:44 | Troll Headhunter |
| 4:03 | Orc Burrow |
| 4:44 | Orc Burrow |
| 5:00 | Troll Headhunter |
| 5:20 | Troll Headhunter |
| 5:24 | Wind Walk |
| 5:48 | Troll Headhunter |
| 5:55 | Beastiary |
| 5:59 | Hex |
| 6:17 | Troll Headhunter |
| 6:17 | Troll Headhunter |
| 6:38 | Steel Ranged Weapons |
| 6:49 | Spiked Barricades |
| 7:03 | Raider |
| 7:03 | Raider |
| 7:09 | Watch Tower |
| 7:35 | Orc Burrow |
| 7:54 | Mirror Image |
| 8:18 | Potion of Lesser Invulnerability |
| 8:46 | Ensnare |
| 9:14 | Troll Headhunter |
| 9:14 | Troll Headhunter |
| 9:54 | Watch Tower |
| 10:03 | Spirit Lodge |
| 10:07 | Healing Wave |
| 10:21 | Troll Headhunter |
| 10:22 | Troll Headhunter |
| 10:33 | Troll Headhunter |
| 10:37 | Watch Tower |
| 10:55 | Troll Headhunter |
| 10:57 | Fortress |
| 11:04 | Beastiary |
| 11:42 | Critical Strike |
| 11:45 | Healing Wave |
| 12:03 | Witch Doctor Adept Training |
| 12:09 | Steel Armor |
| 12:09 | Improved Spiked Barricades |
| 13:15 | Great Hall |
| 13:37 | Great Hall |
| 14:12 | Orc Burrow |
| 15:26 | Watch Tower |
| 15:33 | Watch Tower |
| 16:33 | Hex |
| 17:00 | Great Hall |
| 17:42 | Great Hall |
| 17:59 | Great Hall |
| 18:28 | Mirror Image |
| 19:51 | Great Hall |
| Select | 352 |
| Right click | 295 |
| Build/train/purchase | 63 |
| Use ability | 15 |
| Item give/drop | 10 |
| Remove unit | 2 |
41 units @ 6.3k
/ 1.5k
34 buildings @ 4.7k
/ 2.4k

| Lesser Clarity Potion | 10 | 700 |
| Scroll of Speed | 4 | 200 |
| Healing Salve | 5 | 500 |
| Potion of Healing | 3 | 450 |
| Orb of Lightning | 2 | 750 |
| Potion of Mana | 1 | 200 |
| Scroll of Healing | 1 | 250 |
| Potion of Lesser Invulnerability | 2 | 300 |
| total: | 28 | 3350g |
| Peon | 11 | 825 | / | 0 |
| Troll Batrider | 23 | 3680 | / | 920 |
| Grunt | 1 | 200 | / | 0 |
| Goblin Shredder | 2 | 750 | / | 200 |
| Goblin Sapper | 4 | 860 | / | 400 |
| total: | 41 | 6315g | / | 1520w |
| Watch Tower | 19 | 2090 | / | 1520 |
| Altar of Storms | 1 | 180 | / | 50 |
| Orc Burrow | 6 | 960 | / | 240 |
| Voodoo Lounge | 3 | 390 | / | 90 |
| War Mill | 1 | 205 | / | 0 |
| Barracks | 1 | 180 | / | 50 |
| Great Hall | 1 | 385 | / | 185 |
| Beastiary | 2 | 290 | / | 280 |
| Stronghold | 1 | 315 | / | 190 |
| Fortress | 1 | 325 | / | 190 |
| total: | 34 | 4680g | / | 2415w |
| 0:06 | Peon |
| 0:06 | Peon |
| 0:10 | Altar of Storms |
| 0:14 | Orc Burrow |
| 0:35 | Peon |
| 0:54 | Voodoo Lounge |
| 0:57 | Voodoo Lounge |
| 1:00 | Peon |
| 1:08 | Peon |
| 1:35 | Peon |
| 2:02 | Peon |
| 2:12 | Stronghold |
| 2:13 | Lesser Clarity Potion |
| 2:13 | Scroll of Speed |
| 2:17 | Wind Walk |
| 2:28 | War Mill |
| 4:03 | Watch Tower |
| 4:10 | Watch Tower |
| 4:14 | Watch Tower |
| 4:36 | Beastiary |
| 4:39 | Peon |
| 4:39 | Peon |
| 4:44 | Healing Salve |
| 4:44 | Lesser Clarity Potion |
| 4:47 | Lesser Clarity Potion |
| 4:47 | Scroll of Speed |
| 5:00 | Orc Burrow |
| 5:09 | Orc Burrow |
| 5:14 | Peon |
| 5:18 | Potion of Healing |
| 5:40 | Peon |
| 5:54 | Beastiary |
| 6:40 | Troll Batrider |
| 6:45 | Orc Burrow |
| 7:03 | Goblin Shredder |
| 7:25 | Troll Batrider |
| 7:27 | Fortress |
| 7:57 | Troll Batrider |
| 8:11 | Reinforced Defenses |
| 8:14 | Troll Batrider |
| 8:15 | Lesser Clarity Potion |
| 8:26 | Watch Tower |
| 8:31 | Troll Batrider |
| 8:51 | Goblin Sapper |
| 9:09 | Critical Strike |
| 9:13 | Troll Batrider |
| 9:17 | Orc Burrow |
| 9:37 | Troll Batrider |
| 9:41 | Watch Tower |
| 9:48 | Liquid Fire |
| 10:07 | Troll Batrider |
| 10:10 | Healing Salve |
| 10:27 | Spiked Barricades |
| 10:32 | Troll Batrider |
| 10:44 | Lesser Clarity Potion |
| 11:01 | Troll Batrider |
| 11:21 | Troll Batrider |
| 11:48 | Scroll of Healing |
| 12:07 | Orc Burrow |
| 12:18 | Goblin Sapper |
| 13:26 | Troll Batrider |
| 14:04 | Troll Batrider |
| 14:43 | Healing Salve |
| 14:43 | Scroll of Speed |
| 14:44 | Lesser Clarity Potion |
| 14:50 | Troll Batrider |
| 14:51 | Troll Batrider |
| 15:41 | Troll Batrider |
| 15:57 | Goblin Shredder |
| 16:42 | Troll Batrider |
| 16:50 | Barracks |
| 16:59 | Wind Walk |
| 17:30 | Troll Batrider |
| 18:01 | Troll Regeneration |
| 18:05 | Troll Batrider |
| 18:42 | Troll Batrider |
| 19:10 | Troll Batrider |
| 19:47 | Lesser Clarity Potion |
| 19:47 | Scroll of Speed |
| 19:48 | Healing Salve |
| 19:53 | Lesser Clarity Potion |
| 20:18 | Troll Batrider |
| 20:22 | Potion of Lesser Invulnerability |
| 21:23 | Goblin Sapper |
| 21:24 | Goblin Sapper |
| 22:43 | Potion of Lesser Invulnerability |
| 23:03 | Troll Batrider |
| 25:14 | Critical Strike |
| 27:30 | Wind Walk |
| 28:40 | Great Hall |
| 28:42 | Watch Tower |
| 29:02 | Watch Tower |
| 29:04 | Watch Tower |
| 29:09 | Watch Tower |
| 30:28 | Watch Tower |
| 31:09 | Watch Tower |
| 31:26 | Watch Tower |
| 31:38 | Watch Tower |
| 31:40 | Watch Tower |
| 31:41 | Watch Tower |
| 31:42 | Watch Tower |
| 31:44 | Watch Tower |
| 31:44 | Watch Tower |
| 31:45 | Watch Tower |
| 32:04 | Voodoo Lounge |
| 32:26 | Orb of Lightning |
| 34:37 | Improved Spiked Barricades |
| 35:27 | Berserker Strength |
| 35:30 | Steel Melee Weapons |
| 35:31 | Steel Armor |
| 35:36 | Lesser Clarity Potion |
| 35:41 | Potion of Healing |
| 37:23 | Thorium Melee Weapons |
| 37:25 | Grunt |
| 37:40 | Healing Salve |
| 37:41 | Lesser Clarity Potion |
| 37:42 | Potion of Healing |
| 37:42 | Potion of Mana |
| 37:46 | Orb of Lightning |
| Right click | 1552 |
| Select | 554 |
| Build/train/purchase | 181 |
| Select group | 103 |
| Assign group | 33 |
| Use ability | 19 |
| Chat | 10 |
| Item give/drop | 6 |
| Misc. action | 4 |
| Esc | 3 |
| Remove unit | 1 |